 Dungeon Crawl Stone Soup version 0.22-a0-456-g11ed031 (webtiles) character file.

1108 opiumtea the Magician (level 8, 0/46 HPs)
             Began as a Deep Elf Fire Elementalist on June 6, 2018.
             Was a Follower of Sif Muna.
             Slain by a killer bee (7 damage)
             ... on level 8 of the Dungeon.
             The game lasted 00:48:18 (8586 turns).

opiumtea the Magician (Deep Elf Fire Elementalist)  Turns: 8586, Time: 00:48:21

Health: 0/46       AC:  2    Str:  6    XL:     8   Next: 11%
Magic:  11/17      EV: 13    Int: 21    God:    Sif Muna [*.....]
Gold:   207        SH:  0    Dex: 16    Spells: 1/17 levels left

rFire    . . .     SeeInvis .   q - +3 quarterstaff (chaos)
rCold    . . .     Gourm    .   (shield currently unavailable)
rNeg     . . .     Faith    .   a - +0 robe
rPois    .         Spirit   .   (no helmet)
rElec    .         Reflect  .   (no cloak)
rCorr    .         Harm     .   (no gloves)
MR       .....                  (no boots)
Stlth    ++........             (no amulet)
HPRegen  0.15/turn              (no ring)
MPRegen  0.15/turn              (no ring)

@: lethally poisoned (0 -> -23)
A: no striking features
a: Divine Energy, Renounce Religion


You were on level 8 of the Dungeon.
You worshipped Sif Muna.
Sif Muna was aware of your devotion.
You were not hungry.

You visited 2 branches of the dungeon, and saw 9 of its levels.

You collected 207 gold pieces.

Inventory:

Hand Weapons
 d - a +0 whip
 f - a cursed +0 hunting sling
 g - a +1 dagger of venom
 q - a +3 quarterstaff of chaos (weapon)
 y - a +0 bardiche
Missiles
 b - 198 stones (quivered)
 p - 11 tomahawks
 t - 105 sling bullets
Armour
 a - a +0 robe (worn)
 i - a +1 buckler
Magical Staves
 n - an uncursed staff of wizardry {unknown}
Jewellery
 e - an uncursed amulet of rage
 h - a +3 ring of strength {unknown}
 r - a +4 ring of dexterity {unknown}
 D - an uncursed ring of protection from magic {unknown}
 F - an uncursed ring of fire {unknown}
Wands
 E - a wand of paralysis (7)
 H - a wand of acid (11)
Scrolls
 j - a scroll of teleportation
 m - 2 scrolls of magic mapping
 x - a scroll of enchant armour
 A - 3 scrolls of remove curse
 B - a scroll of fog
 C - a scroll of immolation
Potions
 k - a potion of might
 l - 2 potions of curing {unknown}
 o - 2 potions of flight {unknown}
 s - 2 potions of mutation {unknown}
 u - a potion of magic {unknown}
 v - 2 potions of brilliance {unknown}
 w - 2 potions of ambrosia {unknown}
 z - a potion of haste {unknown}
 G - a potion of agility {unknown}
Comestibles
 c - 8 rations
 I - a chunk of flesh


   Skills:
 + Level 3.0 Fighting
 + Level 3.6 Staves
 - Level 2.4 Dodging
 - Level 3.1 Stealth
 - Level 5.2 Spellcasting
 - Level 5.2 Conjurations
 - Level 5.0 Hexes
 - Level 4.4 Fire Magic


You had one spell level left.
You knew the following spells:

 Your Spells              Type           Power        Failure   Level  Hunger
a - Flame Tongue          Conj/Fire      ####.        1%          1    None
b - Throw Flame           Conj/Fire      ####..       2%          2    None
c - Inner Flame           Hex/Fire       ####....     4%          3    ##.....
d - Conjure Flame         Conj/Fire      ####....     4%          3    ##.....
e - Sticky Flame          Conj/Fire      ####....     14%         4    ####...
f - Confuse               Hex            ####....     4%          3    ##.....

Your spell library contained the following spells:

 Spells                   Type           Power        Failure   Level  Hunger
 Fireball                 Conj/Fire      ####......   38%         5    #####..
 Confusing Touch          Hex            ####..       1%          1    None
 Metabolic Englaciation   Hex/Ice        ###.......   71%         5    #####..
 Petrify                  Tmut/Erth      #.......     71%         4    ####...
 Gell's Gravitas          Tloc           #.........   32%         3    ##.....
 Yara's Violent Unravell  Hex/Tmut       ###.......   71%         5    #####..


Dungeon Overview and Level Annotations

Branches:
Dungeon (9/15)             Temple (1/1) D:5
   Lair: D:8-11         Orc: D:9-12

Altars:
Dithmenos
Elyvilon
Fedhas
Gozag
Kikubaaqudgha
Makhleb
Nemelex Xobeh
Okawaru
Qazlal
Ru
Sif Muna
Trog
Uskayaw
Wu Jian
Yredelemnul
Zin

Shops:
D:4 [


Message History

You feel sick.
The killer bee burns!
You kill the killer bee!
Sif Muna accepts your kill.
Your Fighting skill increases to level 3!
The killer bee stings you! The killer bee stings you.
The killer bee misses you.
The killer bee stings you but does no damage.
Casting: Flame Tongue (safe; 1% risk of failure)
Confirm with . or Enter, or press ? or * to list all spells.
Aiming: Flame Tongue (safe; 1% risk of failure)
Press: ? - help, Shift-Dir - straight line, f/p - killer bee
Aim: a killer bee (heavily wounded)
The flame tongue hits the killer bee.
The killer bee is almost dead.
* * * LOW HITPOINT WARNING * * *
You feel sick. The killer bee closely misses you. The killer bee stings you.
* * * LOW HITPOINT WARNING * * *
You are more poisoned.
The killer bee poisons you! The killer bee stings you!
You die...

,,,,,,* *,*,,,,*,**,,,,,, *,,,,,*
*,****,*,**,,,,,, *,,,,,* *,*
*,*,***+*+*,
,,,,,,******#####+####,*,* *,*,*,
,,,,,,,,,,,*#........#,*,* *,*,*,
,,,,,,,,,,,*#........#,*,* *,*,*,
,,**,,,,,,,*#........#,*,***,*,**
,,**,,,*****#........#+#.,,,,*,*
,,**,,,* #..!@.......#*****,*
,,**,*** #...yy......+,,,,,,*
,,**+**** #...........#********
,,,,,,,,* ####........# *,,,,,
***,,,,,***######'##########,,,,,
,,,,,,,,,,.................+,,,,,
**********#######+##########,,,,,
,,,,,,,,,,,,,,,,,,,,,,,*,* *,,,,,
,,,,,***********,,,,,,,*,*****+**


You could see 2 killer bees.

Vanquished Creatures
  A bullfrog (D:5)
  2 scorpions
  2 wights (D:6)
  A killer bee (D:8)
  A vampire bat (D:5)
  2 howler monkeys
  2 crimson imps (D:5)
  A centaur zombie (D:3)
  3 hounds
  An orc wizard (D:5)
  Crazy Yiuf (D:2)
  A bullfrog skeleton (D:5)
  Terence (D:3)
  3 worker ants
  A hound zombie (D:5)
  Robin (D:2)
  A gnoll (D:1)
  8 adders
  2 worms
  2 dart slugs (D:1)
  3 fire bats (D:5)
  5 leopard geckos
  10 orcs
  2 spectral bats (D:5)
  2 ball pythons (D:2)
  3 bat skeletons (D:5)
  A bat zombie (D:5)
  4 giant cockroaches
  10 goblins
  7 hobgoblins
  18 jackals
  10 kobolds
  7 quokkas
  19 bats
  A bat simulacrum (D:5)
  A frilled lizard (D:5)
  9 rats
  A fungus (D:2)
150 creatures vanquished.

Notes
Turn   | Place    | Note
-------+----------+-------------------------------------------
     0 | D:1      | opiumtea the Deep Elf Fire Elementalist began the quest for the Orb.
     0 | D:1      | Reached XP level 1. HP: 10/10 MP: 6/6
   168 | D:1      | Reached XP level 2. HP: 15/15 MP: 4/8
   205 | D:1      | Learned a level 2 spell: Throw Flame
   988 | D:1      | Reached XP level 3. HP: 19/19 MP: 0/10
  1151 | D:1      | Learned a level 3 spell: Inner Flame
  1155 | D:1      | Learned a level 3 spell: Conjure Flame
  1606 | D:2      | Reached XP level 4. HP: 24/24 MP: 8/12
  1918 | D:2      | Found a hide-covered altar of Uskayaw.
  2052 | D:2      | Noticed Robin
  2402 | D:2      | Killed Robin
  2405 | D:2      | Found a basalt altar of Yredelemnul.
  2597 | D:2      | Found a runed door.
  2601 | D:2      | Noticed Crazy Yiuf
  2607 | D:2      | Killed Crazy Yiuf
  2607 | D:2      | Reached skill level 5 in Spellcasting
  2607 | D:2      | Reached XP level 5. HP: 28/28 MP: 3/14
  2613 | D:2      | Learned a level 4 spell: Sticky Flame
  3097 | D:3      | Reached skill level 1 in Hexes
  3139 | D:3      | Noticed Terence
  3219 | D:3      | Found a burning altar of Makhleb.
  3294 | D:3      | Found a deep blue altar of Sif Muna.
  3297 | D:3      | Became a worshipper of Sif Muna the Loreminder
  3423 | D:3      | Found a sparkling altar of Nemelex Xobeh.
  3935 | D:3      | Killed Terence
  3935 | D:3      | Reached XP level 6. HP: 32/32 MP: 1/15
  4730 | D:4      | Got an ichor-stained scythe
  4736 | D:4      | Identified the cursed +1 scythe "Femopiur" {antimagic, Fragile +Fly rElec rPois} (You found it on level 4 of the Dungeon)
  5044 | D:4      | Found Jiysiugh's Armour Emporium.
  5175 | D:5      | Entered Level 5 of the Dungeon
  5229 | D:5      | Found a staircase to the Ecumenical Temple.
  5450 | D:5      | Reached skill level 5 in Conjurations
  5641 | Temple   | Entered the Ecumenical Temple
  6153 | D:5      | Reached XP level 7. HP: 25/36 MP: 8/16
  6234 | D:5      | Reached skill level 5 in Hexes
  6310 | D:5      | Learned a level 3 spell: Confuse
  6426 | D:5      | Reached * piety under Sif Muna
  6615 | D:5      | Reached skill level 1 in Staves
  6709 | D:5      | Reached skill level 1 in Fighting
  8105 | D:6      | Reached XP level 8. HP: 40/45 MP: 11/17
  8554 | D:6      | You fall through a shaft for 3 floors!
  8569 | D:8      | Noticed a five-headed hydra
  8569 | D:8      | Noticed a centaur warrior
  8586 | D:8      | Slain by a killer bee

Vault maps used:
D:1:      evilmike_arrival_run_for_it
D:2:      nicolae_overflow_crystal_walls, old_standard_altar,
          minmay_close_crescents, uniq_robin, uniq_crazy_yiuf_cottage
D:3:      overflow_temple_1_default, makhleb_heckhound_becter,
          lemuel_blue_sif_altar, uniq_terence
D:4:      serial_shops, kennysheep_mini_moat
D:5:      minmay_temple_entry_mist, first_ration, goddamned_bats
D:8:      minmay_cut_squares, uniq_prince_ribbit1
D:9:      lemuel_upstairs_altar, old_standard_altar,
          chequers_temple_overflow_minitemple
Temple:   minmay_temple_curvy_loop

Skill      XL: |  1  2  3  4  5  6  7  8 |
---------------+-------------------------+-----
Conjurations   | 2 3 5 |  5.2
Spellcasting   | 4 5 |  5.2
Fire Magic     | 4 |  4.4
Hexes          | 2 4 5 |  5.0
Stealth        | 3 |  3.1
Staves         | 3 |  3.6
Fighting       | 2 3 |  3.0
Dodging        | |  2.4

Action                   |  1- 3 |  4- 6 |  7- 9 || total
-------------------------+-------+-------+-------++-------
Melee: Dagger            |     6 |    26 |       ||    32
       Scythe            |       |    12 |       ||    12
       Quarterstaff      |       |       |    28 ||    28
 Cast: Flame Tongue      |    26 |    63 |    53 ||   142
       Throw Flame       |    39 |    77 |    24 ||   140
       Conjure Flame     |       |     5 |     2 ||     7
       Sticky Flame      |       |     2 |     5 ||     7
       Confuse           |       |       |     6 ||     6
       Inner Flame       |       |       |     1 ||     1
  Use: Scroll            |       |    12 |     5 ||    17
       Potion            |       |     2 |       ||     2
 Stab: Sleeping          |       |     2 |     2 ||     4
       Confused          |       |       |     1 ||     1
  Eat: Chunk             |     3 |     1 |       ||     4
       Ration            |       |     5 |     2 ||     7
Armor: Robe              |     2 |    11 |    24 ||    37
Dodge: Dodged            |    21 |    78 |    67 ||   166
Block: Buckler           |     2 |     6 |       ||     8

Table legend:
 A = Spawn XP
 B = Non-spawn XP
 C = Spawn XP percentage of total XP
 D = Spawn monster count
 E = Non-spawn monster count
 F = Spawn count percentage of total count
 G = Total turns spent on level
                    A         B        C        D         E        F      G
               +---------+---------+-------+---------+---------+-------+---------
         Total |       0 |    1583 |   0.0 |       0 |     149 |   0.0 |  8586
               +---------+---------+-------+---------+---------+-------+---------
           D:1 |       0 |      65 |   0.0 |       0 |      29 |   0.0 |  1628
           D:2 |       0 |     151 |   0.0 |       0 |      29 |   0.0 |  1234
           D:3 |       0 |     239 |   0.0 |       0 |      23 |   0.0 |  1577
           D:4 |       0 |     191 |   0.0 |       0 |      15 |   0.0 |  1078
           D:5 |       0 |     653 |   0.0 |       0 |      47 |   0.0 |  2075
           D:6 |       0 |     222 |   0.0 |       0 |       4 |   0.0 |   462
           D:8 |       0 |      59 |   0.0 |       0 |       1 |   0.0 |    20
           D:9 |       0 |       3 |   0.0 |       0 |       1 |   0.0 |    12
               +---------+---------+-------+---------+---------+-------+---------
